 Dungeon Crawl Stone Soup version 0.31-a0-675-g238779eb0a (webtiles) character file.

Game seed: 3004531290359629278

490 qw the Shooter (level 7, -5/44 HPs)
             Began as a Gargoyle Hunter on Sept 5, 2023.
             Killed from afar by a white imp (9 damage)
             ... with a puff of frost
             ... summoned by Eustachio
             ... on level 4 of the Dungeon.
             The game lasted 00:01:49 (3294 turns).

qw the Shooter (Gargoyle Hunter)                    Turns: 3294, Time: 00:01:49

Health: -5/44      AC: 11    Str: 14    XL:     7   Next: 14%
Magic:  7/7        EV: 15    Int: 10    God:
Gold:   249        SH:  0    Dex: 15    Spells: 6/6 levels left

rFire   . . .        Y - +0 shortbow
rCold   . . .        (shield currently unavailable)
rNeg    + . .        b - +0 ring mail
rPois   inf          (no helmet)
rElec   +            (no cloak)
rCorr   .            (no gloves)
SInv    .            e - +0 pair of boots
Will    .....        (no amulet)
Stlth   +            a - +5 ring of evasion
HPRegen 0.27/turn    (no ring)
MPRegen 0.10/turn

%: no passive effects
@: no status effects
A: sickness immunity, AC +4, negative energy resistance 1, electricity
resistance, torment resistance 1, petrification resistance
a: no special abilities


You were on level 4 of the Dungeon.
You visited 1 branch of the dungeon, and saw 5 of its levels.

You collected 249 gold pieces.


Innate Abilities, Weirdness & Mutations

You are immune to sickness and miasma.
Your stone body is resilient. (AC +4)
You are immune to poison.
You resist negative energy. (rN+)
You are resistant to electric shocks. (rElec)
You are resistant to unholy torment.
You are immune to petrification.


   Skills:
 - Level 4.5 Fighting
 + Level 7.3 Ranged Weapons
 - Level 1.0 Armour
 - Level 1.5 Dodging
 - Level 1.1 Stealth


You had 6 spell levels left.
You didn't know any spells.
Your spell library was empty.

Inventory:

Hand Weapons
 Y - a +0 shortbow (weapon)
Armour
 b - a +0 ring mail (worn)
 e - a +0 pair of boots (worn)
Jewellery
 a - a +5 ring of evasion (left hand)
Scrolls
 i - a scroll of identify
Potions
 c - a potion of attraction {unknown}
 d - a potion of mutation
 f - a potion of cancellation {unknown}
 j - a potion of brilliance {unknown}
 k - a potion of might {unknown}

Dungeon Overview and Level Annotations

Branches:
Dungeon (5/15)
 Temple: D:4-7

Altars:

Annotations:
D:4 Eustachio


Message History

Enter note:
Enter note:
Enter note:
Enter note:
Enter note:
Enter note:
3287 |||
Found retreat position at -2,1 (floor) with 0 blocking monsters and 1 monsters attacking at destination at distance 2
3287 ||| Stepping ~*~*~tactically~*~*~ (retreating).
The white imp gestures at you. The puff of frost misses you.
3288 |||
Found retreat position at -1,0 (floor) with 0 blocking monsters and 1 monsters attacking at destination at distance 1
3288 ||| Stepping ~*~*~tactically~*~*~ (retreating).
The white imp disappears in a puff of smoke!
Enter note:
Enter note:
Enter note:
Enter note:
Enter note:
Enter note: You shoot an arrow.
The arrow hits the crimson imp.
The crimson imp is lightly wounded.
The crimson imp closely misses you.
You shoot an arrow. The arrow hits the crimson imp!
The crimson imp is severely wounded.
The crimson imp disappears in a puff of smoke!
Eustachio gestures wildly while chanting.
You shoot an arrow. The arrow hits the white imp.
The white imp is severely wounded.
You shoot an arrow.
The arrow barely misses the white imp. x2
The white imp closely misses you.
You shoot an arrow. The arrow hits the white imp.
The white imp is severely wounded.
The white imp gestures at you. The puff of frost hits you.
You shoot an arrow.
The arrow hits the white imp but does no damage.
The white imp is severely wounded.
The white imp gestures at you. The puff of frost hits you!
You die...

#...)'..###+#...................
###+##..##..#...................
#..##..##..+...................
#......##..#............@..../.
###......##..###'#.......<.....##
.#.......#....#..#....#'##.....#
.#.<.....#....'..#....#..#.....#
##..).#####..#####@...#..#.....#
................@555..####....>##
.####'#######'#####..#######....#
###.....###.....###........#....#
####.....###.....##........#....#
#.###...).###.....#....##..#....#
#..###.....###....#....##..######
)...###.....###.).'....##....#...
#....####'######..#..........#...
#.....#.....#.###.#..........#...


You could see Eustachio and 3 white imps.

Vanquished Creatures
  A phantom (D:4)
  A scorpion (D:4)
  A jelly (D:4)
  2 hounds (D:4)
  3 iguanas (D:4)
  An orc wizard (D:3)
  4 adders
  2 white imps
  A worm (D:4)
  4 dart slugs
  3 orcs (D:3)
  9 endoplasms
  5 giant cockroaches
  7 goblins
  8 hobgoblins
  6 jackals
  3 quokkas
  3 ball pythons
  12 bats
  2 frilled lizards
  9 kobolds
  9 rats
96 creatures vanquished.

Notes
Turn   | Place    | Note
-------+----------+-------------------------------------------
     0 | D:1      | qw the Gargoyle Hunter began the quest for the Orb.
     0 | D:1      | Reached XP level 1. HP: 12/12 MP: 1/1
     0 | D:1      | 0 ||| qw: Version: 0.3-a-75-g829b12e
     0 | D:1      | 0 ||| qw: Game counter: 64
     0 | D:1      | 0 ||| qw: Melee chars always use a shield: true
     0 | D:1      | 0 ||| qw: God list: Okawaru
     0 | D:1      | 0 ||| qw: Allow faded altars: false
     0 | D:1      | 0 ||| qw: Do Orc after clearing Dungeon:15 true
     0 | D:1      | 0 ||| qw: Do second Lair branch before Depths: true
     0 | D:1      | 0 ||| qw: Lair rune preference: random
     0 | D:1      | 0 ||| qw: Goals: Normal
     0 | D:1      | 0 ||| PLANNING D:1-11
   139 | D:1      | Reached XP level 2. HP: 17/17 MP: 2/2
   269 | D:1      | Reached XP level 3. HP: 21/21 MP: 3/3
   320 | D:1      | Reached skill level 5 in Ranged Weapons
   609 | D:1      | 609 ||| READING scroll labelled ELOOCU TUHUO.
   610 | D:1      | 610 ||| DROPPING scroll of butterflies.
   629 | D:2      | 629 ||| STAIRDANCE
   641 | D:2      | Reached skill level 3 in Fighting
   718 | D:2      | Reached XP level 4. HP: 28/28 MP: 4/4
  1061 | D:2      | 1061 ||| UPGRADING to +5 ring of evasion.
  1062 | D:2      | 1062 ||| READING scroll labelled TAISTR KAD SUQ.
  1063 | D:2      | 1063 ||| READING scroll labelled YMALOROSCHI.
  1164 | D:2      | 1164 ||| READING scroll labelled WOAVETS GENEL.
  1165 | D:2      | 1165 ||| READING 2 scrolls labelled WYEMME TAYZ.
  1166 | D:2      | 1166 ||| DRINKING 2 murky dark potions.
  1167 | D:2      | 1167 ||| DROPPING scroll of immolation.
  1207 | D:3      | 1207 ||| READING scroll labelled CANTICU COTAX.
  1209 | D:3      | 1209 ||| FLEEEEING.
  1210 | D:3      | 1210 ||| FLEEEEING.
  1211 | D:3      | 1211 ||| STAIRDANCE
  1215 | D:3      | 1215 ||| STAIRDANCE
  1228 | D:3      | 1228 ||| STAIRDANCE
  1235 | D:3      | 1235 ||| STAIRDANCE
  1239 | D:3      | 1239 ||| STAIRDANCE
  1244 | D:3      | 1244 ||| STAIRDANCE
  1248 | D:3      | 1248 ||| STAIRDANCE
  1252 | D:3      | 1252 ||| STAIRDANCE
  1258 | D:3      | 1258 ||| STAIRDANCE
  1262 | D:3      | 1262 ||| STAIRDANCE
  1266 | D:3      | 1266 ||| STAIRDANCE
  1270 | D:3      | 1270 ||| STAIRDANCE
  1274 | D:3      | 1274 ||| STAIRDANCE
  1278 | D:3      | 1278 ||| STAIRDANCE
  1282 | D:3      | 1282 ||| STAIRDANCE
  1286 | D:3      | 1286 ||| STAIRDANCE
  1294 | D:3      | 1294 ||| STAIRDANCE
  1298 | D:3      | 1298 ||| STAIRDANCE
  1302 | D:3      | 1302 ||| STAIRDANCE
  1306 | D:3      | 1306 ||| STAIRDANCE
  1316 | D:3      | 1316 ||| FLEEEEING.
  1317 | D:3      | 1317 ||| FLEEEEING.
  1324 | D:3      | 1324 ||| DRINKING potion of curing.
  1324 | D:3      | 1324 ||| (to cure confusion)
  1327 | D:3      | Reached XP level 5. HP: 28/32 MP: 5/5
  1404 | D:2      | Found a faded altar of an unknown god.
  1710 | D:3      | Reached skill level 6 in Ranged Weapons
  1814 | D:3      | 1814 ||| UPGRADING to +0 ring mail.
  1824 | D:3      | 1824 ||| DROPPING +0 leather armour.
  1825 | D:3      | 1825 ||| READING scroll labelled YXONASMU REASM.
  1826 | D:3      | 1826 ||| READING scroll labelled IQOPTE JEIRA.
  1837 | D:3      | 1837 ||| READING scroll labelled JEUSUPT TOPIN.
  1838 | D:3      | 1838 ||| DRINKING 2 lumpy silvery potions.
  1839 | D:3      | 1839 ||| DRINKING potion of curing.
  1839 | D:3      | 1839 ||| (to cure confusion)
  1840 | D:3      | 1840 ||| READING 2 scrolls of identify.
  1840 | D:3      | 1840 ||| IDENTIFYING bubbling pink potion
  1841 | D:3      | 1841 ||| DROPPING potion of ambrosia.
  1860 | D:4      | Reached skill level 1 in Armour
  1907 | D:4      | HP: 8/32 [iguana (2)]
  1940 | D:4      | Noticed a phantom
  1940 | D:4      | 1940 ||| RETREATING.
  1948 | D:4      | 1948 ||| FLEEEEING.
  1950 | D:4      | 1950 ||| FLEEEEING.
  1951 | D:4      | 1951 ||| FLEEEEING.
  1953 | D:4      | 1953 ||| FLEEEEING.
  1954 | D:4      | 1954 ||| STAIRDANCE
  2004 | D:4      | 2004 ||| STAIRDANCE
  2005 | D:4      | 2005 ||| Stepping ~*~*~tactically~*~*~ (retreating).
  2006 | D:4      | 2006 ||| Stepping ~*~*~tactically~*~*~ (retreating).
  2007 | D:4      | 2007 ||| Stepping ~*~*~tactically~*~*~ (retreating).
  2008 | D:4      | 2008 ||| Stepping ~*~*~tactically~*~*~ (retreating).
  2009 | D:4      | 2009 ||| Stepping ~*~*~tactically~*~*~ (retreating).
  2010 | D:4      | 2010 ||| Stepping ~*~*~tactically~*~*~ (retreating).
  2028 | D:4      | Reached XP level 6. HP: 13/39 MP: 6/6
  2531 | D:4      | Reached skill level 7 in Ranged Weapons
  2632 | D:4      | You fall into a shaft and drop 1 floor!
  2632 | D:5      | Entered Level 5 of the Dungeon
  2747 | D:5      | 2747 ||| UPGRADING to +0 pair of boots.
  2752 | D:5      | 2752 ||| READING scroll labelled BEYS ONWUZOMAI.
  2823 | D:4      | Reached XP level 7. HP: 44/44 MP: 7/7
  3122 | D:4      | 3122 ||| READING 2 scrolls labelled SUTAFU OTESA.
  3123 | D:4      | 3123 ||| DROPPING scroll of fear.
  3162 | D:5      | Noticed Eustachio
  3168 | D:5      | 3168 ||| Stepping ~*~*~tactically~*~*~ (retreating).
  3189 | D:5      | 3189 ||| FLEEEEING.
  3190 | D:5      | 3190 ||| STAIRDANCE
  3245 | D:5      | 3245 ||| STAIRDANCE
  3272 | D:4      | 3272 ||| FLEEEEING.
  3273 | D:4      | 3273 ||| FLEEEEING.
  3274 | D:4      | 3274 ||| RETREATING.
  3280 | D:4      | 3280 ||| Stepping ~*~*~tactically~*~*~ (retreating).
  3281 | D:4      | 3281 ||| Stepping ~*~*~tactically~*~*~ (retreating).
  3282 | D:4      | 3282 ||| Stepping ~*~*~tactically~*~*~ (retreating).
  3282 | D:4      | HP: 10/44 [white imp/puff of frost[Eustachio] (9)]
  3283 | D:4      | 3283 ||| Stepping ~*~*~tactically~*~*~ (retreating).
  3284 | D:4      | 3284 ||| Stepping ~*~*~tactically~*~*~ (retreating).
  3284 | D:4      | HP: 2/44 [white imp/puff of frost[Eustachio] (8)]
  3287 | D:4      | 3287 ||| Stepping ~*~*~tactically~*~*~ (retreating).
  3288 | D:4      | 3288 ||| Stepping ~*~*~tactically~*~*~ (retreating).
  3293 | D:4      | HP: 4/44 [white imp/puff of frost[Eustachio] (1)]
  3294 | D:4      | Killed from afar by a white imp

Levels and vault maps discovered:
D:1:      minmay_arrival_radiant_lines, layout_loops_ring
D:2:      layout_basic, ebering_ecumenical_altar_rust
D:3:      layout_rooms
D:4:      layout_gridville, minmay_quadrilaterals
D:5:      minmay_chambers_of_fours, layout_loops_ring,
          mainiacjoe_overflow_alcove_4, serial_shops,
          nicolae_shop_tiny_real_fake_doors, uniq_eustachio

Skill      XL: |  1  2  3  4  5  6 |
---------------+-------------------+-----
Ranged Weapons | 5 6 7 |  7.3
Fighting       | 3 4 |  4.5
Armour         | 1 |  1.0
Dodging        | |  1.5
Stealth        | |  1.1

Action                     |  1- 3 |  4- 6 |  7- 9 || total
---------------------------+-------+-------+-------++-------
   Fire: Shortbow          |    96 |   236 |    90 ||   422
    Use: Scroll            |     1 |    10 |     1 ||    12
         Potion            |       |     4 |       ||     4
 Armour: Leather armour    |    22 |    16 |       ||    38
         Ring mail         |       |    59 |    45 ||   104
  Dodge: Dodged            |    21 |   105 |    72 ||   198

Table legend:
 A = Non-vault XP
 B = Vault XP
 C = Vault XP percentage of total XP
 D = Non-vault monster count
 E = Vault monster count
 F = Vault count percentage of total count
                 A         B        C        D         E       F
            +---------+---------+-------+---------+---------+-------
      Total |     572 |     129 |  18.4 |      93 |       3 |   3.1
            +---------+---------+-------+---------+---------+-------
        D:1 |      60 |       0 |   0.0 |      28 |       0 |   0.0
        D:2 |      59 |       0 |   0.0 |      29 |       0 |   0.0
        D:3 |      91 |       0 |   0.0 |      16 |       0 |   0.0
        D:4 |     348 |     129 |  27.0 |      18 |       3 |  14.3
        D:5 |      14 |       0 |   0.0 |       2 |       0 |   0.0
            +---------+---------+-------+---------+---------+-------
